SAA
IRVING BLUE SOX @ MARQUETTE MINERS
08/31/2027
 
TOP OF THE 1ST
Irving Blue Sox batting - Pitching for Marquette Miners : LHP Chiel Abspoel
Pitching: LHP Chiel Abspoel
Batting: RHB Eisse Cals 0-0: Ball
1-0: Called Strike
1-1: Ball
2-1: Fly out, F9 (Flyball, 9)
Batting: RHB António Canales 0-0: Called Strike
0-1: Swinging Strike
0-2: Strikes out swinging
Batting: RHB Theron Hammond 0-0: Ball
1-0: Ball
2-0: Called Strike
2-1: SINGLE (Groundball, 56D)
Batting: RHB Alfredo Chávez 0-0: Ball
1-0: Ball
2-0: Foul Ball, location: 2F
2-1: Foul Ball, location: 2F
2-2: Foul Ball, location: 2F
2-2: Foul Ball, location: 2F
2-2: SINGLE (Groundball, 6MD)
Theron Hammond to second
Runner from 2nd tries for 3rd, SAFE, throw made to third
Batting: LHB Ricardo Ríos 0-0: Swinging Strike
0-1: SINGLE (Line Drive, 34)
Theron Hammond scores
Alfredo Chávez to second
Batting: RHB Eduardo Santos 0-0: Called Strike
0-1: Ball
1-1: Swinging Strike
1-2: Strikes out swinging
Top of the 1st over - 1 run(s), 3 hit(s), 0 error(s), 2 left on base; Irving 1 - Marquette 0
BOTTOM OF THE 1ST
Marquette Miners batting - Pitching for Irving Blue Sox : RHP Gonzalo Montés
Pitching: RHP Gonzalo Montés
Batting: LHB Tural Bishara 0-0: Called Strike
0-1: Ground out 4-3 (Groundball, 4)
Batting: RHB José Barroca 0-0: Called Strike
0-1: Ball
1-1: Ball
2-1: Foul Ball, location: 2F
2-2: Ball
3-2: Ground out 5-3 (Groundball, 5)
Batting: RHB Steve Koch 0-0: Ball
1-0: Foul Ball, location: 2F
1-1: Called Strike
1-2: Foul Ball, location: 2F
1-2: Ball
2-2: Ball
3-2: TRIPLE (Flyball, 89D)
Batting: RHB Peter Heard 0-0: Called Strike
0-1: Fly out, F8 (Line Drive, 8RM)
Bottom of the 1st over - 0 run(s), 1 hit(s), 0 error(s), 1 left on base; Irving 1 - Marquette 0
TOP OF THE 2ND
Irving Blue Sox batting - Pitching for Marquette Miners : LHP Chiel Abspoel
Batting: RHB Wessel Wemerman 0-0: Bunted foul
0-1: Called Strike
0-2: Ball
1-2: Foul Ball, location: 2F
1-2: Ball
2-2: Foul Ball, location: 2F
2-2: Fly out, F1 (Line Drive, 13)
Batting: RHB Carlos Ramírez 0-0: Ball
1-0: Ball
2-0: Foul Ball, location: 2F
2-1: Ball
3-1: Foul Ball, location: 2F
3-2: Fly out, F8 (Flyball, 89S)
Batting: RHB Phil Sherman 0-0: Foul Ball, location: 2F
0-1: Foul Ball, location: 2F
0-2: Ball
1-2: Ball
2-2: Ground out 5-3 (Groundball, 56)
Top of the 2nd over - 0 run(s), 0 hit(s), 0 error(s), 0 left on base; Irving 1 - Marquette 0
BOTTOM OF THE 2ND
Marquette Miners batting - Pitching for Irving Blue Sox : RHP Gonzalo Montés
Batting: RHB Norman Winston 0-0: Called Strike
0-1: Ball
1-1: Foul Ball, location: 2F
1-2: Foul Ball, location: 2F
1-2: Fly out, F4 (Popup, 4MD)
Batting: RHB Héctor Rivera 0-0: Foul Ball, location: 2F
0-1: Foul Ball, location: 2F
0-2: Foul Ball, location: 2F
0-2: Foul Ball, location: 2F
0-2: Fly out, F8 (Flyball, 8RD)
Batting: RHB Mark Keys 0-0: Ball
1-0: Fly out, F1 (Line Drive, 15)
Bottom of the 2nd over - 0 run(s), 0 hit(s), 0 error(s), 0 left on base; Irving 1 - Marquette 0
TOP OF THE 3RD
Irving Blue Sox batting - Pitching for Marquette Miners : LHP Chiel Abspoel
Batting: RHB Eisse Cals 0-0: Ball
1-0: Ball
2-0: Ball
3-0: Called Strike
3-1: Called Strike
3-2: Foul Ball, location: 2F
3-2: Base on Balls
Batting: RHB António Canales 0-0: Ball
1-0: Fielders Choice at 2nd, 6-4 (Groundball, 6)
Batting: RHB Theron Hammond 0-0: Swinging Strike
0-1: Foul Ball, location: 2F
0-2: Foul Ball, location: 2F
0-2: Ball
António Canales is caught stealing 2nd base
1-2: Foul Ball, location: 2F
1-2: SINGLE (Line Drive, 34D)
Batting: RHB Alfredo Chávez 0-0: Fly out, F4 (Popup, 4D)
Top of the 3rd over - 0 run(s), 1 hit(s), 0 error(s), 1 left on base; Irving 1 - Marquette 0
BOTTOM OF THE 3RD
Marquette Miners batting - Pitching for Irving Blue Sox : RHP Gonzalo Montés
Batting: RHB Sameen Shaw 0-0: Called Strike
0-1: Foul Ball, location: 2F
0-2: Strikes out swinging
Batting: RHB Rocky Cantrell 0-0: Ball
1-0: Foul Ball, location: 2F
1-1: Ground out 6-3 (Groundball, 6)
Batting: LHB Tural Bishara 0-0: Ball
1-0: Ball
2-0: Bunted foul
2-1: SINGLE (Flyball, 8RS)
Batting: RHB José Barroca 0-0: Ball
1-0: Foul Ball, location: 2F
1-1: Swinging Strike
1-2: Ball
Tural Bishara is caught stealing 2nd base
Bottom of the 3rd over - 0 run(s), 1 hit(s), 0 error(s), 0 left on base; Irving 1 - Marquette 0
TOP OF THE 4TH
Irving Blue Sox batting - Pitching for Marquette Miners : LHP Chiel Abspoel
Batting: LHB Ricardo Ríos 0-0: Ball
1-0: Swinging Strike
1-1: Ball
2-1: Fly out, F9 (Flyball, 9LS)
Batting: RHB Eduardo Santos 0-0: Ball
1-0: Foul Ball, location: 2F
1-1: Ball
2-1: Foul Ball, location: 2F
2-2: Foul Ball, location: 2F
2-2: Strikes out swinging
Batting: RHB Wessel Wemerman 0-0: Called Strike
0-1: Called Strike
0-2: Ball
1-2: SINGLE (Line Drive, 56D)
Batting: RHB Carlos Ramírez 0-0: Called Strike
0-1: Ball
1-1: Ball
2-1: Called Strike
2-2: SINGLE (Groundball, 4S) (infield hit)
Wessel Wemerman to second
Batting: RHB Phil Sherman 0-0: Fly out, F9 (Flyball, 9S)
Top of the 4th over - 0 run(s), 2 hit(s), 0 error(s), 2 left on base; Irving 1 - Marquette 0
BOTTOM OF THE 4TH
Marquette Miners batting - Pitching for Irving Blue Sox : RHP Gonzalo Montés
Batting: RHB José Barroca 0-0: Called Strike
0-1: Swinging Strike
0-2: Foul Ball, location: 2F
0-2: Ball
1-2: Ball
2-2: Ball
3-2: SINGLE (Line Drive, 56D)
Batting: RHB Steve Koch 0-0: Called Strike
0-1: Ball
1-1: Fly out, F8 (Flyball, 8RS)
Batting: RHB Peter Heard 0-0: Ball
1-0: Fly out, F9 (Flyball, 9)
Batting: RHB Norman Winston 0-0: Foul Ball, location: 2F
0-1: Foul Ball, location: 2F
0-2: Ball
1-2: Fly out, F7 (Line Drive, 7)
Bottom of the 4th over - 0 run(s), 1 hit(s), 0 error(s), 1 left on base; Irving 1 - Marquette 0
TOP OF THE 5TH
Irving Blue Sox batting - Pitching for Marquette Miners : LHP Chiel Abspoel
Batting: RHB Eisse Cals 0-0: Called Strike
0-1: Ball
1-1: Ball
2-1: Fly out, F9 (Flyball, 9LM)
Batting: RHB António Canales 0-0: Ball
1-0: Foul Ball, location: 2F
1-1: Swinging Strike
1-2: Foul Ball, location: 2F
1-2: Foul Ball, location: 2F
1-2: Strikes out swinging
Batting: RHB Theron Hammond 0-0: Called Strike
0-1: Ball
1-1: Ball
2-1: Ball
3-1: Fly out, F2 (Popup, 2L)
Top of the 5th over - 0 run(s), 0 hit(s), 0 error(s), 0 left on base; Irving 1 - Marquette 0
BOTTOM OF THE 5TH
Marquette Miners batting - Pitching for Irving Blue Sox : RHP Gonzalo Montés
Batting: RHB Héctor Rivera 0-0: Ball
1-0: Ball
2-0: Ball
3-0: Called Strike
3-1: Swinging Strike
3-2: Foul Ball, location: 2F
3-2: DOUBLE (Flyball, 7LM)
Batting: RHB Mark Keys 0-0: Fly out, F8 (Line Drive, 8LM)
Batting: RHB Sameen Shaw 0-0: Called Strike
0-1: Ball
1-1: Ground out 3-1 (Groundball, 34)
Héctor Rivera to third
Pitching: LHP John Hamilton
Batting: RHB Rocky Cantrell 0-0: Called Strike
0-1: Ground out 5-3 (Groundball, 5L)
Bottom of the 5th over - 0 run(s), 1 hit(s), 0 error(s), 1 left on base; Irving 1 - Marquette 0
TOP OF THE 6TH
Irving Blue Sox batting - Pitching for Marquette Miners : LHP Chiel Abspoel
Batting: RHB Alfredo Chávez 0-0: Ball
1-0: Ball
2-0: Foul Ball, location: 2F
2-1: Ball
3-1: Fly out, F4 (Line Drive, 4D)
Batting: LHB Ricardo Ríos 0-0: Ball
1-0: Called Strike
1-1: Swinging Strike
1-2: Foul Ball, location: 2F
1-2: Ball
2-2: Strikes out swinging
Batting: RHB Eduardo Santos 0-0: Ball
1-0: Ball
2-0: Foul Ball, location: 2F
2-1: Ball
3-1: Base on Balls
Pitching: RHP Cisco Ortega
Batting: RHB Wessel Wemerman 0-0: Called Strike
Eduardo Santos steals 2nd base
0-1: Ball
1-1: Ball
2-1: Ball
3-1: Called Strike
3-2: SINGLE (Groundball, 4MD)
Eduardo Santos to third
Eduardo Santos scores
Batting: RHB Carlos Ramírez 0-0: Called Strike
0-1: Ball
1-1: Ball
2-1: Foul Ball, location: 2F
2-2: Ball
3-2: Ground out 5-3 (Groundball, 5)
Top of the 6th over - 1 run(s), 1 hit(s), 0 error(s), 1 left on base; Irving 2 - Marquette 0
BOTTOM OF THE 6TH
Marquette Miners batting - Pitching for Irving Blue Sox : LHP John Hamilton
Batting: LHB Tural Bishara 0-0: Hit by Pitch
Batting: RHB José Barroca 0-0: Ball
1-0: Ball
2-0: Called Strike
2-1: Sac Bunt - play at first, batter OUT! 1-3
Tural Bishara to second
Batting: RHB Steve Koch 0-0: Foul Ball, location: 2F
0-1: Ball
1-1: Ball
2-1: Ball
3-1: Called Strike
3-2: Base on Balls
Batting: RHB Peter Heard 0-0: Grounds into double play, 6-4-3 (Groundball, 6)
Bottom of the 6th over - 0 run(s), 0 hit(s), 0 error(s), 1 left on base; Irving 2 - Marquette 0
TOP OF THE 7TH
Irving Blue Sox batting - Pitching for Marquette Miners : RHP Cisco Ortega
Batting: RHB Phil Sherman 0-0: Swinging Strike
0-1: Ball
1-1: Foul Ball, location: 2F
1-2: Ball
2-2: Ground out 5-3 (Groundball, 56S)
Batting: RHB Eisse Cals 0-0: Ball
1-0: Ball
2-0: Foul Ball, location: 2F
2-1: Foul Ball, location: 2F
2-2: Strikes out looking
Batting: RHB António Canales 0-0: Ball
1-0: Ball
2-0: Foul Ball, location: 2F
2-1: Fly out, F8 (Line Drive, 8LD)
Top of the 7th over - 0 run(s), 0 hit(s), 0 error(s), 0 left on base; Irving 2 - Marquette 0
BOTTOM OF THE 7TH
Marquette Miners batting - Pitching for Irving Blue Sox : LHP John Hamilton
Batting: RHB Norman Winston 0-0: Ball
1-0: Ball
2-0: SINGLE (Flyball, 9S)
Batting: RHB Héctor Rivera 0-0: Called Strike
0-1: Ball
1-1: Ball
2-1: Foul Ball, location: 2F
2-2: Fly out, F9 (Flyball, 9S)
Batting: RHB Mark Keys 0-0: Ball
1-0: Ball
2-0: Called Strike
2-1: Swinging Strike
2-2: Ball
3-2: Foul Ball, location: 2F
3-2: Base on Balls
Norman Winston to second
Pinch Hitting: RHB Derrek Conklin 0-0: Foul Ball, location: 2F
0-1: Ball
1-1: Ball
2-1: Foul Ball, location: 2F
2-2: Foul Ball, location: 2F
2-2: SINGLE (Groundball, 6MD)
Norman Winston to third
Mark Keys to second
Runner from 3rd tries for Home, SAFE, no throw
Pinch Hitting: RHB Carlos Trujillo 0-0: Ball
1-0: Foul Ball, location: 2F
1-1: Ball
2-1: Foul Ball, location: 2F
2-2: Ball
3-2: Ground out 5-3 (Groundball, 56)
Mark Keys to third
Derrek Conklin to second
Pinch Hitting: RHB Octávio Zúñiga 0-0: Foul Ball, location: 2F
0-1: Fly out, F8 (Flyball, 8RM)
Bottom of the 7th over - 1 run(s), 2 hit(s), 0 error(s), 2 left on base; Irving 2 - Marquette 1
TOP OF THE 8TH
Irving Blue Sox batting - Pitching for Marquette Miners : RHP Cisco Ortega
Now at 1B: Derrek Conklin
Now at 2B: Norm Singletary
Now in LF: Carlos Trujillo
Batting: RHB Theron Hammond 0-0: Ball
1-0: Ball
2-0: Foul Ball, location: 2F
2-1: Ball
3-1: Ground out 5-3 (Groundball, 56S)
Batting: RHB Alfredo Chávez 0-0: Called Strike
0-1: Called Strike
0-2: Foul Ball, location: 2F
0-2: Foul Ball, location: 2F
0-2: Ball
1-2: Strikes out looking
Batting: LHB Ricardo Ríos 0-0: Ball
1-0: Ground out 4-3 (Groundball, 4)
Top of the 8th over - 0 run(s), 0 hit(s), 0 error(s), 0 left on base; Irving 2 - Marquette 1
BOTTOM OF THE 8TH
Marquette Miners batting - Pitching for Irving Blue Sox : LHP John Hamilton
Pitching: RHP Martin Besnier
Batting: RHB José Barroca 0-0: Ball
1-0: Swinging Strike
1-1: Ball
2-1: Ball
3-1: Swinging Strike
3-2: Base on Balls
Batting: RHB Steve Koch 0-0: Foul Ball, location: 2F
0-1: Foul Ball, location: 2F
0-2: Foul Ball, location: 2F
0-2: Ball
1-2: Ball
2-2: Strikes out swinging
Batting: RHB Peter Heard 0-0: Called Strike
0-1: SINGLE (Line Drive, 6MD)
José Barroca to second
Pinch Hitting: LHB Dale Miller 0-0: Grounds into double play, 3-6-3 (Groundball, 34)
Bottom of the 8th over - 0 run(s), 1 hit(s), 0 error(s), 1 left on base; Irving 2 - Marquette 1
TOP OF THE 9TH
Irving Blue Sox batting - Pitching for Marquette Miners : RHP Cisco Ortega
Pitching: RHP Addick Lubbers
Now at SS: Greg Gross
Batting: RHB Eduardo Santos 0-0: Foul Ball, location: 2F
0-1: Fly out, F9 (Flyball, 89M)
Pitching: RHP Jim Unknown
Batting: RHB Wessel Wemerman 0-0: Called Strike
0-1: Fly out, F9 (Flyball, 9)
Batting: RHB Carlos Ramírez 0-0: Fly out, F4 (Line Drive, 4M)
Top of the 9th over - 0 run(s), 0 hit(s), 0 error(s), 0 left on base; Irving 2 - Marquette 1
BOTTOM OF THE 9TH
Marquette Miners batting - Pitching for Irving Blue Sox : RHP Martin Besnier
Pitching: RHP Jon Schultz
Batting: RHB Héctor Rivera 0-0: Foul Ball, location: 2F
0-1: Swinging Strike
0-2: Ball
1-2: Ball
2-2: Fly out, F7 (Flyball, 7)
Batting: RHB Mark Keys 0-0: Ball
1-0: Ball
2-0: Ground out 5-3 (Groundball, 56)
Batting: RHB Derrek Conklin 0-0: Ball
1-0: Ball
2-0: Called Strike
2-1: Ball
3-1: Foul Ball, location: 2F
3-2: Base on Balls
Batting: RHB Carlos Trujillo 0-0: Ball
1-0: Foul Ball, location: 2F
1-1: Foul Ball, location: 2F
1-2: Ball
2-2: Fly out, F6 (Popup, 6)
Bottom of the 9th over - 0 run(s), 0 hit(s), 0 error(s), 1 left on base; Irving 2 - Marquette 1
Saturday, May 26th, 2018 - OOTP Baseball 17.12 Build 75